 Dungeon Crawl Stone Soup version 0.30-a0-219-gf2db51d15e (webtiles) character file.

Game seed: 2445704087381326414

236 KennySheep the Magician (level 5, -3/29 HPs)
             Began as a Deep Elf Hedge Wizard on Oct 7, 2022.
             Was a Follower of Fedhas.
             Slain by a hound (5 damage)
             ... on level 3 of the Dungeon.
             The game lasted 00:09:23 (4800 turns).

KennySheep the Magician (Deep Elf Hedge Wizard)     Turns: 4800, Time: 00:09:23

Health: -3/29      AC:  3    Str:  7    XL:     5   Next: 77%
Magic:  10/14      EV: 13    Int: 19    God:    Fedhas [*.....]
Gold:   152        SH:  0    Dex: 16    Spells: 11/14 levels left

rFire   . . .      SeeInvis .    a - +1 dagger
rCold   . . .      Faith    .    (no shield)
rNeg    . . .      Spirit   .    b - +0 robe
rPois   .          Reflect  .    c - +0 hat
rElec   .          Harm     .    (no cloak)
rCorr   .          Rampage  .    m - +0 pair of gloves
Will    .....                    (no boots)
Stlth   ++........               (no amulet)
HPRegen 0.24/turn                (no ring)
MPRegen 0.14/turn                (no ring)

@: no status effects
A: no striking features
a: Renounce Religion


You were on level 3 of the Dungeon.
You worshipped Fedhas.
Fedhas was aware of your devotion.
You visited 1 branch of the dungeon, and saw 4 of its levels.

You collected 152 gold pieces.

Inventory:

Hand Weapons
 a - a +1 dagger (weapon)
Armour
 b - a +0 robe (worn)
 c - a +0 hat (worn)
 m - a +0 pair of gloves (worn)
Wands
 r - a wand of flame (13)
Scrolls
 f - a scroll of blinking {unknown}
 h - 2 scrolls of enchant weapon
 i - a scroll of identify {unknown}
 j - a scroll of fear {unknown}
 k - a scroll of noise {unknown}
 n - 3 scrolls of teleportation
 o - a scroll of immolation {unknown}
 p - a scroll of torment {unknown}
 t - a scroll of poison {unknown}
Potions
 d - a potion of magic
 e - 3 potions of heal wounds
 l - a potion of curing
 q - 4 potions of degeneration {unknown}
 s - a potion of flight {unknown}
 u - a potion of mutation {unknown}


   Skills:
 + Level 1.4 Fighting
 * Level 3.8 Ranged Weapons
 + Level 1.4 Armour
 + Level 3.4 Dodging
 - Level 2.4 Stealth
 - Level 5.0 Spellcasting
 - Level 1.1 Conjurations
 - Level 1.1 Summonings
 + Level 2.5 Translocations
 + Level 1.1 Invocations


You had 11 spell levels left.
You knew the following spells:

 Your Spells              Type           Power      Damage    Failure   Level
a - Magic Dart            Conj           32%        1d4       8%          1
b - Blink                 Tloc           28%        N/A       6%          2

Your spell library contained the following spells:

 Spells                   Type           Power      Damage    Failure   Level
 Slow                     Hex            16%        N/A       12%         1
 Call Imp                 Summ           8%         N/A       12%         2
 Gell's Gravitas          Tloc           14%        N/A       13%         3
 Lesser Beckoning         Tloc           28%        N/A       13%         3
 Teleport Other           Tloc           14%        N/A       13%         3
 Cigotuvi's Dreadful Rot  Necr/Pois/Air  8%         N/A       19%         2
 Mephitic Cloud           Conj/Pois/Air  6%         N/A       32%         3
 Olgreb's Toxic Radiance  Pois           4%         N/A       77%         4
 Ozocubu's Refrigeration  Ice            2%         4d7       100%        7
 Ignition                 Fire           2%         3d3       100%        8


Dungeon Overview and Level Annotations

Branches:
Dungeon (4/15)
 Temple: D:4-7

Altars:
Fedhas
Nemelex Xobeh
Vehumet
Yredelemnul


Message History

You feel stable enough to blink again. The hound bites you.
The hound bites you but does no damage.
You closely miss the hound.
The hound is moderately wounded.
The hound bites you. x3
You closely miss the hound.
The hound is moderately wounded.
The hound closely misses you. The hound bites you but does no damage.
The hound closely misses you.
You hit the hound.
The hound is moderately wounded.
The hound bites you but does no damage. The hound barely misses you.
The hound bites you.
You barely miss the hound.
The hound is moderately wounded.
The hound closely misses you. The hound barely misses you. x2
The hound barely misses you.
You miss the hound.
The hound is moderately wounded.
The hound bites you but does no damage. The hound barely misses you.
You hit the hound.
The hound is moderately wounded.
The hound misses you. The hound bites you.
* * * LOW HITPOINT WARNING * * *
The hound bites you but does no damage.
You hit the hound.
The hound is heavily wounded.
The hound barely misses you. The hound bites you.
* * * LOW HITPOINT WARNING * * *
The hound closely misses you.
You hit the hound but do no damage.
The hound is heavily wounded.
The hound bites you but does no damage. The hound bites you.
* * * LOW HITPOINT WARNING * * *
The hound bites you but does no damage.
You closely miss the hound.
The hound is heavily wounded.
The hound bites you.
You die...
Fedhas appreciates your contribution to the ecosystem.

....##.#.#....##.# #.P###P.##
.##.##.#.#...###.# #..P......#
..#.##....#......######P..###...#
###.#######...####....#..P#.#.P.#
....#######...# #.####...#.#...#
...##.........# #># ..#.#P. #
#.....############.# .#.#.
#..#..# #.......##.# #.#
#..#..###.......@#h########.#
#..#......[..#.hh#.#......#.#
#####.####.........#.####...#
....>.# #..#._.#...#.####.###
#########..........#.#.##.#
#............#....##.#PP#.#
#.######.........#...#PP#.# #†#
#....#......#.#bb#.# #.#
#....########.#P.#.#


You could see 2 hounds.

Vanquished Creatures
  A necrophage (D:4)
  A jelly (D:4)
  6 adders
  2 worms
  A dart slug (D:1)
  An orc (D:4)
  6 bats
  10 endoplasms
  3 giant cockroaches
  6 goblins
  9 hobgoblins
  5 jackals (D:2)
  6 kobolds
  3 quokkas
  9 ball pythons
  7 frilled lizards
  7 rats
83 creatures vanquished.

Vanquished Creatures (others)
  7 plants (D:1)
7 creatures vanquished.

Grand Total: 90 creatures vanquished

Notes
Turn   | Place    | Note
-------+----------+-------------------------------------------
     0 | D:1      | KennySheep the Deep Elf Hedge Wizard began the quest for
                  | the Orb.
     0 | D:1      | Reached XP level 1. HP: 10/10 MP: 7/7
   234 | D:1      | Reached XP level 2. HP: 15/15 MP: 6/9
   276 | D:1      | Reached skill level 1 in Ranged Weapons
   279 | D:1      | Learned a level 2 spell: Blink
   854 | D:1      | Reached XP level 3. HP: 14/20 MP: 1/11
  1790 | D:2      | Reached XP level 4. HP: 9/24 MP: 2/12
  2137 | D:2      | Reached skill level 1 in Fighting
  2137 | D:2      | Reached skill level 1 in Armour
  2418 | D:2      | Reached skill level 5 in Spellcasting
  2541 | D:2      | Found a faded altar of an unknown god.
  2607 | D:2      | Prayed at the altar of an unknown god.
  2607 | D:2      | Became a worshipper of Fedhas Madash
  2607 | D:2      | Reached * piety under Fedhas
  2993 | D:3      | Found a basalt altar of Yredelemnul.
  3376 | D:3      | Found a radiant altar of Vehumet.
  4295 | D:4      | Reached XP level 5. HP: 29/29 MP: 10/14
  4567 | D:4      | Found a sparkling altar of Nemelex Xobeh.
  4624 | D:4      | Reached skill level 1 in Invocations
  4800 | D:3      | Slain by a hound

Illustrated notes

Levels and vault maps discovered:
D:1:      ebering_trefoil_twist, layout_loops_ring, minmay_lizard_king
D:2:      kennysheep_six_static_rooms, layout_loops_ring,
          hellmonk_ecumenical_altar_dog_temple, nicolae_elevator_lobby_asterisk
D:3:      layout_basic, mainiacjoe_overflow_paths, vehumet_altar_wand_db,
          serial_aquarium, aquarium_bridge_square [aquarium_subvault_balcony,
          aquarium_subvault_wall, aquarium_subvault_bridge,
          aquarium_subvault_window], aquarium_window_2, aquarium_window_fake,
          aquarium_window_2, aquarium_window_fake, aquarium_view_2d
D:4:      layout_basic, nemelex_dance_club_becter, minmay_circle_x

Skill      XL: |  1  2  3  4  5 |
---------------+----------------+-----
Ranged Weapons | 2 3 |  3.8
Dodging        | 3 |  3.4
Fighting       | 1 |  1.4
Armour         | 1 |  1.4
Translocations | 2 |  2.5
Spellcasting   | 5 |  5.0
Invocations    | 1 |  1.1
Stealth        | |  2.4
Conjurations   | |  1.1
Summonings     | |  1.1

Action                   |  1- 3 |  4- 6 || total
-------------------------+-------+-------++-------
Melee: Dagger            |     6 |    18 ||    24
 Cast: Magic Dart        |   129 |   145 ||   274
       Blink             |       |     3 ||     3
  Use: Potion            |       |     4 ||     4
       Scroll            |       |     2 ||     2
Armor: Robe              |     8 |    19 ||    27
Dodge: Dodged            |    27 |    66 ||    93

Table legend: (Time is in decaauts)
 A = Elapsed time spent in this place.
 B = Non-inter-level travel time spent in this place.
 C = Inter-level travel time spent in this place.
 D = Time resting spent in this place.
 E = Time spent auto-exploring this place.
 F = Levels seen in this place.
 G = Mean time per level.
                   A        B        C        D        E       F      G
               +--------+--------+--------+--------+--------+-----+--------+
         Total |   4822 |   4716 |    106 |    700 |   3381 |   4 | 1205.5 |
       Dungeon |   4822 |   4716 |    106 |    700 |   3381 |   4 | 1205.5 |
               +--------+--------+--------+--------+--------+-----+--------+

Top non-repeatable levels by time:
     D:2: 1547 daAuts
     D:1: 1426 daAuts
     D:3: 1328 daAuts
     D:4: 520 daAuts
